Map: Hecate LE

Players

Ditzum - Winner!

  • Race: Protoss Protoss
  • Spawn Location: 1:00

SubN

  • Race: Zerg Zerg
  • League: Diamond
  • Spawn Location: 7:00

VOD

Have the link to the VOD?

Description

Time

  • Played on: Nov. 22, 2023, 8:51 p.m.
  • Length: 5:28
Show
View Real Time Build Order
Export as new Build Order

Ditzum Protoss - Winner!

Build Orders: Dark Templar Rush 

Get SALT Encoding   

  12  0:02  Probe  
  13  0:18  Pylon, Probe  
  14  0:30  Probe  
  15  0:42  Probe  
  16  0:43  Forge  
  16  0:54  Probe  
  17  1:06  Gateway, Probe  
  17  1:10  Assimilator  
  18  1:18  Probe  
  19  1:26  Pylon  
  19  1:30  Probe  
  19  1:31  Assimilator  
  20  1:42  Probe  
  20  1:46  Photon Cannon  
  21  1:49  Photon Cannon  
  21  1:55  Probe  
  21  1:58  Cybernetics Core  
  22  2:07  Probe  
  23  2:12  Gateway  
  23  2:19  Probe  
  24  2:24  Photon Cannon  
  24  2:34  Shield Battery  
  24  2:37  Warp Gate  
  24  2:42  Shield Battery  
  24  2:57  Probe  
  25  3:01  Pylon  
  25  3:06  Twilight Council  
  25  3:24  Gateway  
  25  3:25  Gateway  
  25  3:27  Stalker  
  27  3:34  Pylon  
  27  3:46  Dark Shrine  
  27  4:02  Pylon  
  27  4:26  Stalker x3  
  27  4:27  Stalker  
  33  5:04  Dark Templar  
  33  5:05  Dark Templar x2  
  39  5:12  Dark Templar  
Show
View Real Time Build Order
Export as new Build Order

SubN Zerg 

Build Orders: Hatch First, Roach Nydus 

Get SALT Encoding   

  12  0:01  Drone  
  13  0:12  Overlord  
  13  0:17  Drone  
  14  0:30  Drone  
  14  0:31  Drone  
  16  0:49  Hatchery  
  15  0:53  Drone  
  15  0:55  Drone  
  17  0:59  Drone  
  17  1:02  Extractor  
  17  1:16  Spawning Pool  
  16  1:24  Drone x2  
  18  1:28  Drone  
  19  1:38  Drone  
  20  1:54  Overlord  
  20  2:00  Drone  
  21  2:04  Metabolic Boost  
  21  2:05  Queen  
  21  2:07  Queen  
  25  2:29  Roach Warren  
  24  2:40  Overlord  
  24  2:58  Lair  
  22  3:05  Drone x3  
  24  3:08  Extractor  
  24  3:16  Roach x2  
  28  3:21  Roach  
  28  3:26  Zergling x2  
  31  3:35  Roach  
  33  3:42  Roach  
  35  3:52  Drone  
  36  4:05  Nydus Network  
  34  4:22  Roach  
  36  4:24  Overlord x2  
  36  4:37  Zergling x2  
  37  4:40  Overlord  
  37  4:51  Spine Crawler  
  34  4:54  Roach  
  34  4:55  Roach x2  
  40  5:02  Drone  
  40  5:06  Zergling x4  
  43  5:10  Spine Crawler  
Tags
 
Add a new tag
Caveats
  • Supply blocks, unpowered buildings, or Contaminate may cause inaccurate times.
  • Supply counts are checked every 10 seconds.